 Dungeon Crawl Stone Soup version 0.21-a0-352-g5b8f553 (webtiles) character file.

11 Dfrag the Firebug (level 2, 19/19 HPs)
             Began as a Demonspawn Fire Elementalist on Oct 11, 2017.
             Quit the game on level 1 of the Dungeon.
             The game lasted 00:00:28 (214 turns).

Dfrag the Firebug (Demonspawn Fire Elementalist)     Turns: 214, Time: 00:00:29

Health: 19/19      AC:  4    Str:  8    XL:     2   Next: 13%
Magic:  11/14      EV: 12    Int: 16    God:
Gold:   16         SH:  0    Dex: 13    Spells: 4/5 levels left

rFire    . . .     SeeInvis .   (no weapon)
rCold    . . .     Gourm    .   (no shield)
rNeg     . . .     Faith    .   a - +0 robe
rPois    .         Spirit   .   (no helmet)
rElec    .         Reflect  .   (no cloak)
rCorr    .         Harm     .   g - +1 pair of gloves
MR       .....                  (no boots)
Stlth    ++........             (no amulet)
HPRegen  0.06/turn              f - ring of magical power
MPRegen  0.14/turn              (no ring)

@: no status effects
A: spiny 1
a: no special abilities


You were on level 1 of the Dungeon.
You were not hungry.

You visited 1 branch of the dungeon, and saw 1 of its levels.

You collected 16 gold pieces.

Inventory:

Armour
 a - a +0 robe (worn)
 g - a +1 pair of gloves (worn)
Jewellery
 f - a ring of magical power (left hand)
Scrolls
 e - 2 scrolls of identify {unknown}
 h - a scroll of teleportation {unknown}
 j - a scroll of remove curse {unknown}
 k - a scroll of magic mapping {unknown}
Potions
 d - a potion of haste {unknown}
 i - a potion of curing {unknown}
 l - a potion of ambrosia {unknown}
Books
 b - a book of Flames

   Spells                             Type                      Level
   a - Flame Tongue                   Conjuration/Fire             1
   b - Throw Flame                    Conjuration/Fire             2
   c - Conjure Flame                  Conjuration/Fire             3
   d - Inner Flame                    Hexes/Fire                   3
   e - Sticky Flame                   Conjuration/Fire             4
   f - Fireball                       Conjuration/Fire             5
Comestibles
 c - a bread ration


   Skills:
 - Level 1.7 Dodging
 - Level 1.7 Stealth
 + Level 2.2 Spellcasting
 + Level 1.4 Conjurations
 + Level 2.9 Fire Magic


You had 4 spell levels left.
You knew the following spells:

 Your Spells              Type           Power        Failure   Level  Hunger
a - Flame Tongue          Conj/Fire      #....        9%          1    #......


Dungeon Overview and Level Annotations

Branches:
Dungeon (1/15)

Altars:


Innate Abilities, Weirdness & Mutations

You are partially covered in sharp spines.


Message History

Casting: Flame Tongue
Confirm with . or Enter, or press ? or * to list all spells.
Aiming: Flame Tongue
Press: ? - help, Shift-Dir - straight line, f/p - jackal
Aim: a jackal The flame tongue hits the jackal.
The jackal is heavily wounded.
The jackal misses you. The jackal is struck by your spines.
The jackal bites you but does no damage.
Casting: Flame Tongue
Confirm with . or Enter, or press ? or * to list all spells.
Aiming: Flame Tongue
Press: ? - help, Shift-Dir - straight line, f/p - jackal
Aim: a jackal (severely wounded)
The flame tongue hits the jackal.
You kill the jackal!
l - a bubbling golden potion HP restored.
A hobgoblin comes into view. It is wielding a club.
Are you sure you want to abandon this character and quit the game? (Confirm with "yes".)

# #... #### #... ..... ######
#... ......# #....# #... ......#
#....######... ......#
#........#.... ......#
#....###.#.... ......#
######....###...... ......#
#.@..............## ......# ###
#.######.###....## ......# ...
..g #[....#..# #.....##.# ####
#.####..## #........# ##..#
#.##### .......###
###...###.##... ..#......#######
#.......#.##...
...............####...#.###.#....
......>..........................


You could see a hobgoblin (sleeping).

Vanquished Creatures
  2 giant cockroaches (D:1)
  A goblin (D:1)
  A hobgoblin (D:1)
  3 jackals (D:1)
  A kobold (D:1)
8 creatures vanquished.

Notes
Turn   | Place    | Note
-------+----------+-------------------------------------------
     0 | D:1      | Dfrag the Demonspawn Fire Elementalist began the quest for the Orb.
     0 | D:1      | Reached XP level 1. HP: 13/13 MP: 3/3
   187 | D:1      | Gained mutation: You are partially covered in sharp spines. [demonic ancestry]
   187 | D:1      | Reached XP level 2. HP: 18/19 MP: 5/5
   214 | D:1      | Quit the game

Vault maps used:
D:1:      minmay_arrival_solitary_statue

Action                   || total
-------------------------++-------
 Cast: Flame Tongue      ||    13
Armor: Robe              ||     9
Dodge: Dodged            ||     8

Table legend:
 A = Spawn XP
 B = Non-spawn XP
 C = Spawn XP percentage of total XP
 D = Spawn monster count
 E = Non-spawn monster count
 F = Spawn count percentage of total count
 G = Total turns spent on level
                    A         B        C        D         E        F      G
               +---------+---------+-------+---------+---------+-------+---------
         Total |       0 |      16 |   0.0 |       0 |       8 |   0.0 |   214
               +---------+---------+-------+---------+---------+-------+---------
           D:1 |       0 |      16 |   0.0 |       0 |       8 |   0.0 |   214
               +---------+---------+-------+---------+---------+-------+---------
